 Dungeon Crawl Stone Soup version 0.21.1-1-g345015f (webtiles) character file.

133 kae the Insei (level 5, -2/40 HPs)
             Began as a Gnoll Transmuter on June 1, 2018.
             Slain by an ogre
             ... wielding a +0 giant club
              (15 damage)
             ... on level 4 of the Dungeon.
             The game lasted 00:02:36 (3249 turns).

kae the Insei (Gnoll Transmuter)                    Turns: 3249, Time: 00:02:37

Health: -2/40      AC:  2    Str: 13    XL:     5   Next: 16%
Magic:  18/21      EV: 24    Int: 15    God:
Gold:   176        SH:  0    Dex: 21    Spells: 8/14 levels left

rFire    . . .     SeeInvis .     - Unarmed
rCold    . . .     Gourm    .   (shield currently unavailable)
rNeg     . . .     Faith    .   (armour currently unavailable)
rPois    .         Spirit   .   (helmet currently unavailable)
rElec    .         Reflect  .   (cloak currently unavailable)
rCorr    .         Harm     .   (gloves currently unavailable)
MR       .....                  (boots currently unavailable)
Stlth    ++........             (no amulet)
HPRegen  0.13/turn              i - ring of poison resistance
MPRegen  0.17/turn              n - ring of magical power

@: spider-form
A: tiny, distributed training, strong nose
a: End Transformation


You were on level 4 of the Dungeon.
You were very hungry.
You were a venomous arachnid creature.
You visited 1 branch of the dungeon, and saw 4 of its levels.

You collected 196 gold pieces.
You spent 20 gold pieces at shops.

Inventory:

Hand Weapons
 u - a +2 whip of electrocution (melded)
Missiles
 a - 28 arrows
Armour
 b - a +0 robe (melded)
 k - a +0 pair of boots (melded)
Jewellery
 i - a ring of poison resistance (left front leg)
 n - a ring of magical power (right front leg)
Scrolls
 e - a scroll of identify
 g - a scroll of amnesia {unknown}
 j - 2 scrolls of remove curse
Potions
 f - a potion of magic
 h - a potion of flight {unknown}
 o - a potion of brilliance
 p - a potion of ambrosia {unknown}
 t - a potion of haste {unknown}
 w - a potion of curing {unknown}
 x - 2 potions of might
Books
 c - a book of Changes

   Spells                             Type                      Level
   a - Beastly Appendage              Transmutation                1
   b - Sticks to Snakes               Transmutation                2
   c - Spider Form                    Transmutation/Poison         3
   d - Ice Form                       Ice/Transmutation            4
   e - Blade Hands                    Transmutation                5
 v - a book of Callings

   Spells                             Type                      Level
   a - Summon Small Mammal            Summoning                    1
   b - Call Imp                       Summoning                    2
   c - Call Canine Familiar           Summoning                    3
   d - Summon Guardian Golem          Hexes/Summoning              3
   e - Summon Lightning Spire         Summoning/Air                4
   f - Summon Ice Beast               Ice/Summoning                4
Comestibles
 d - 7 rations


   Skills:
 + Level 2.9 Fighting
 + Level 1.3 Short Blades
 + Level 1.3 Long Blades
 + Level 1.3 Axes
 + Level 1.3 Maces & Flails
 + Level 1.3 Polearms
 + Level 1.3 Staves
 + Level 1.3 Slings
 + Level 1.3 Bows
 + Level 1.3 Crossbows
 + Level 1.3 Throwing
 + Level 1.3 Armour
 + Level 4.7 Dodging
 + Level 1.3 Stealth
 + Level 1.3 Shields
 + Level 6.6 Unarmed Combat
 + Level 5.1 Spellcasting
 + Level 1.1 Conjurations
 + Level 1.1 Hexes
 + Level 1.1 Charms
 + Level 1.1 Summonings
 + Level 1.1 Necromancy
 + Level 1.1 Translocations
 + Level 3.9 Transmutations
 + Level 1.1 Fire Magic
 + Level 1.1 Ice Magic
 + Level 1.1 Air Magic
 + Level 1.1 Earth Magic
 + Level 1.1 Poison Magic
 + Level 1.5 Invocations
 + Level 1.3 Evocations


You had 8 spell levels left.
You knew the following spells:

 Your Spells              Type           Power        Failure   Level  Hunger
a - Beastly Appendage     Tmut           ###...       11%         1    None
b - Sticks to Snakes      Tmut           ###.....     14%         2    ##.....
c - Spider Form           Tmut/Pois      ##........   36%         3    ###....


Dungeon Overview and Level Annotations

Branches:
Dungeon (4/15)
 Temple: D:4-7

Altars:
Elyvilon
Wu Jian
The Shining One

Shops:
D:4 [=?

Annotations:
D:3 kae's ghost, weakling GnTm
D:4 olivier's ghost, amateur TrFi


Innate Abilities, Weirdness & Mutations

Your experience applies equally to all skills.
((You have very sharp teeth.))
Your uncanny sense of smell can sniff out nearby items.


Message History

You turn into a venomous arachnid creature.
Your +2 whip of electrocution melds into your body.
Your +0 pair of boots melds into your body.
Your +0 robe melds into your body.
Your +2 whip of electrocution stops crackling.
The ogre completely misses you.
You hit the ogre.
The ogre is poisoned.
The ogre is lightly wounded.
You bite the ogre!
The ogre looks as sick as possible!
The ogre is moderately wounded.
The ogre hits you with a giant club!!
Ouch! That really hurt!
You are too injured to fight recklessly!
You are too injured to fight recklessly!
You are too injured to fight recklessly!
You are too injured to fight recklessly!
You hit the ogre.
The ogre is heavily wounded.
The ogre hits you with a giant club!
You die...

.....#.........#,,,,*
.....#.........#....*
.##..##.##....##...#*
..##+##.##....##...##
...###........+.....#
...≈≈#........#.....#
.♣..≈#........#.....#
......#####...##O...#
._.♣......#...##s...#
..........#.........#
.♣..≈#)...#...##...##************
...≈≈#....#.∩.##...#,,,,,,,,,,,∩,
...###....#...#....#,>,,,,,,,,,,,
..........#...#....#,,,,,,,,,,,,,
..........#...#....#,,,,,,,,,,,,,
..........#...#....#,,,,,,,,,,,,,
..........#####*####,,,,,,,,,,,,,


You could see an ogre.

Vanquished Creatures
  2 worker ants (D:4)
  2 adders (D:3)
  An ooze (D:2)
  An adder skeleton (D:4)
  2 dart slugs
  An orc (D:3)
  5 giant cockroaches
  3 goblins
  7 hobgoblins
  10 jackals
  A quokka (D:3)
  7 bats
  2 frilled lizards
  7 kobolds
  5 rats
56 creatures vanquished.

Vanquished Creatures (others)
  An orc (D:4)
1 creature vanquished.

Grand Total: 57 creatures vanquished

Notes
Turn   | Place    | Note
-------+----------+-------------------------------------------
     0 | D:1      | kae the Gnoll Transmuter began the quest for the Orb.
     0 | D:1      | Reached XP level 1. HP: 17/17 MP: 6/6
    57 | D:1      | Reached XP level 2. HP: 22/23 MP: 7/7
   753 | D:2      | Reached XP level 3. HP: 27/28 MP: 7/9
   759 | D:2      | Found an ornate altar of the Wu Jian Council.
   798 | D:2      | Reached skill level 5 in Spellcasting
  1151 | D:2      | Reached skill level 1 in Invocations
  1334 | D:3      | Noticed kae's ghost (weakling GnTm)
  1746 | D:3      | Reached skill level 1 in Short Blades
  1746 | D:3      | Reached skill level 1 in Long Blades
  1746 | D:3      | Reached skill level 1 in Axes
  1746 | D:3      | Reached skill level 1 in Maces & Flails
  1746 | D:3      | Reached skill level 1 in Polearms
  1746 | D:3      | Reached skill level 1 in Staves
  1746 | D:3      | Reached skill level 1 in Slings
  1746 | D:3      | Reached skill level 1 in Bows
  1746 | D:3      | Reached skill level 1 in Crossbows
  1746 | D:3      | Reached skill level 1 in Throwing
  1746 | D:3      | Reached skill level 1 in Armour
  1746 | D:3      | Reached skill level 1 in Stealth
  1746 | D:3      | Reached skill level 1 in Shields
  1746 | D:3      | Reached skill level 1 in Evocations
  1782 | D:3      | Reached XP level 4. HP: 32/34 MP: 9/11
  2165 | D:3      | Found a glowing golden altar of the Shining One.
  2366 | D:4      | Noticed olivier's ghost (amateur TrFi)
  2661 | D:4      | Reached skill level 1 in Conjurations
  2661 | D:4      | Reached skill level 1 in Hexes
  2661 | D:4      | Reached skill level 1 in Charms
  2661 | D:4      | Reached skill level 1 in Summonings
  2661 | D:4      | Reached skill level 1 in Necromancy
  2661 | D:4      | Reached skill level 1 in Translocations
  2661 | D:4      | Reached skill level 1 in Fire Magic
  2661 | D:4      | Reached skill level 1 in Ice Magic
  2661 | D:4      | Reached skill level 1 in Air Magic
  2661 | D:4      | Reached skill level 1 in Earth Magic
  2661 | D:4      | Reached skill level 1 in Poison Magic
  2747 | D:4      | Reached XP level 5. HP: 24/40 MP: 12/12
  2953 | D:4      | Noticed an ogre
  2963 | D:4      | Learned a level 2 spell: Sticks to Snakes
  2967 | D:4      | Learned a level 3 spell: Spider Form
  2991 | D:4      | Found Ahopsigh's Magic Scroll Shop.
  2998 | D:4      | Bought a scroll of identify for 20 gold pieces
  3139 | D:4      | Found Mekhatzi's Armour Shoppe.
  3184 | D:4      | Found a white marble altar of Elyvilon.
  3233 | D:4      | Found Niro Yss's Jewellery Emporium.
  3243 | D:4      | Noticed an ogre
  3249 | D:4      | Slain by an ogre

Skill      XL: |  1  2  3  4 |
---------------+-------------+-----
Spellcasting   | 5 |  5.1
Invocations    | 1 |  1.5
Short Blades   | 1 |  1.3
Long Blades    | 1 |  1.3
Axes           | 1 |  1.3
Maces & Flails | 1 |  1.3
Polearms       | 1 |  1.3
Staves         | 1 |  1.3
Slings         | 1 |  1.3
Bows           | 1 |  1.3
Crossbows      | 1 |  1.3
Throwing       | 1 |  1.3
Armour         | 1 |  1.3
Stealth        | 1 |  1.3
Shields        | 1 |  1.3
Evocations     | 1 |  1.3
Conjurations   | 1 |  1.1
Hexes          | 1 |  1.1
Charms         | 1 |  1.1
Summonings     | 1 |  1.1
Necromancy     | 1 |  1.1
Translocations | 1 |  1.1
Fire Magic     | 1 |  1.1
Ice Magic      | 1 |  1.1
Air Magic      | 1 |  1.1
Earth Magic    | 1 |  1.1
Poison Magic   | 1 |  1.1
Fighting       | |  2.9
Dodging        | |  4.7
Unarmed Combat | |  6.6
Transmutations | |  3.9

Action                   |  1- 3 |  4- 6 || total
-------------------------+-------+-------++-------
Melee: Unarmed           |    64 |     7 ||    71
       Punch             |     3 |     1 ||     4
       Headbutt          |    10 |     7 ||    17
       Bite              |     2 |     7 ||     9
       Whip              |    15 |    52 ||    67
 Cast: Beastly Appendage |    15 |     7 ||    22
       Spider Form       |       |     2 ||     2
  Use: Scroll            |       |    12 ||    12
 Stab: Sleeping          |     4 |     1 ||     5
  Eat: Chunk             |     2 |     4 ||     6
Armor: Robe              |    10 |     8 ||    18
       Skin              |       |     1 ||     1
Dodge: Dodged            |    47 |    57 ||   104
